Map: Orbital Shipyard

Players

JimJones - Winner!

  • Race: Terran Terran
  • League: Silver

Andrew

  • Race: Protoss Protoss

VOD

Have the link to the VOD?

Description

Time

  • Played on: Dec. 8, 2015, 4:27 p.m.
  • Length: 10:00
Show
View Real Time Build Order
Export as new Build Order

JimJones Terran - Winner!

Build Orders:  

Get SALT Encoding   

  12  0:01  SCV  
  13  0:13  SCV  
  14  0:19  Supply Depot  
  14  0:25  SCV  
  15  0:30  Refinery  
  15  0:41  SCV  
  16  0:46  Barracks  
  16  0:55  SCV  
  17  1:06  Supply Depot  
  17  1:12  SCV  
  18  1:23  Barracks  
  18  1:24  SCV  
  19  1:36  SCV  
  20  1:41  Reaper  
  21  1:49  Orbital Command  
  21  2:12  Command Center  
  21  2:16  SCV  
  21  2:21  Barracks Reactor  
  21  2:22  Barracks Tech Lab  
  22  2:28  SCV  
  23  2:40  SCV, Marine  
  23  2:42  Stimpack  
  25  2:49  Barracks  
  25  2:51  Refinery  
  25  2:53  SCV  
  26  2:59  Supply Depot  
  26  3:05  SCV  
  27  3:23  SCV  
  27  3:27  Orbital Command  
  27  3:30  Marine x2  
  27  3:31  Marauder  
  31  3:35  SCV  
  31  3:38  Barracks Reactor  
  31  3:41  Factory  
  32  3:47  SCV  
  33  3:51  Marine x2  
  35  4:00  SCV  
  36  4:03  SCV  
  37  4:11  Marine  
  37  4:12  SCV, Refinery, Marine x2  
  37  4:15  SCV  
  42  4:20  Supply Depot  
  42  4:22  Engineering Bay  
  42  4:24  SCV  
  43  4:28  SCV  
  43  4:29  Marine  
  43  4:30  Marine x3  
  43  4:31  Marauder  
  50  4:35  Supply Depot  
  50  4:36  SCV  
  51  4:40  SCV  
  52  4:48  SCV  
  52  4:49  Starport  
  52  4:52  SCV  
  54  5:00  SCV  
  54  5:02  Terran Infantry Weapons Level 1  
  54  5:04  SCV, Marine x4  
  54  5:05  Marauder  
  62  5:12  SCV  
  63  5:16  SCV  
  63  5:18  Refinery  
  64  5:22  Engineering Bay  
  64  5:23  Marine x4  
  64  5:24  Supply Depot, SCV  
  69  5:28  SCV  
  70  5:45  SCV x2, Medivac, Marine x4  
  78  5:52  Supply Depot  
  78  5:55  Supply Depot  
  78  5:56  Missile Turret  
  78  6:00  Missile Turret  
  78  6:14  SCV x2, Marauder, Marine x4  
  86  6:18  Barracks  
  86  6:19  Starport Reactor  
  86  6:21  Barracks  
  86  6:25  Barracks  
  86  6:26  SCV x2  
  88  6:36  Marauder  
  88  6:38  SCV x2  
  92  6:41  Marine x2  
  94  6:51  Terran Infantry Armor Level 1  
  94  6:52  Supply Depot  
  94  6:56  Armory  
  94  6:59  Command Center  
  94  7:13  Medivac x2, Marine x4  
  102  7:16  Supply Depot  
  102  7:18  SCV, Marine  
  102  7:19  SCV  
  92  7:30  SCV  
  92  7:31  SCV  
  94  7:38  Marine  
  94  7:39  Marine x2  
  94  7:40  Barracks Reactor x2, Barracks Tech Lab  
  97  7:49  SCV x2  
  99  8:01  SCV x2  
  101  8:07  Marine x3  
  101  8:08  Marine x2  
  101  8:09  Marauder  
  105  8:26  Marauder  
  102  8:29  Marine x2  
  102  8:30  Marine x6  
  102  8:31  Medivac, Marine  
  102  8:32  Medivac  
  104  8:47  Marine x3  
  104  8:48  Marauder, Marine  
  110  8:49  Marauder  
  112  8:56  Supply Depot  
  112  8:57  Supply Depot  
  112  8:58  Supply Depot  
  112  9:06  SCV x2  
  112  9:08  Planetary Fortress  
  112  9:09  Marauder  
  116  9:10  Marauder  
  118  9:18  SCV x2  
  118  9:21  Supply Depot  
  117  9:39  Marine x4  
  117  9:40  Marine x4  
  117  9:44  Supply Depot  
Show
View Real Time Build Order
Export as new Build Order

Andrew Protoss 

Build Orders: 1 Gate Expand, Double Forge 

Get SALT Encoding   

  12  0:03  Probe (Chrono Boost)  
  13  0:14  Probe (Chrono Boost)  
  14  0:22  Pylon  
  14  0:29  Probe (Chrono Boost)  
  15  0:40  Probe (Chrono Boost)  
  16  0:47  Gateway  
  16  0:51  Probe (Chrono Boost)  
  16  0:54  Pylon  
  17  1:01  Assimilator  
  17  1:10  Assimilator  
  17  1:30  Nexus  
  17  1:35  Zealot  
  19  1:53  Assimilator  
  19  1:58  Assimilator  
  19  2:02  Zealot  
  21  2:10  Forge  
  21  2:11  Probe (Chrono Boost)  
  22  2:21  Probe (Chrono Boost)  
  22  2:22  Pylon  
  23  2:32  Probe (Chrono Boost), Pylon  
  24  2:38  Pylon  
  24  2:44  Probe (Chrono Boost)  
  25  2:54  Probe (Chrono Boost)  
  26  3:05  Probe (Chrono Boost)  
  27  3:15  Probe (Chrono Boost)  
  27  3:17  Cybernetics Core  
  28  3:21  Zealot  
  28  3:26  Probe (Chrono Boost)  
  31  3:36  Probe (Chrono Boost)  
  31  3:41  Probe (Chrono Boost)  
  33  3:46  Probe (Chrono Boost)  
  33  3:48  Zealot  
  36  3:51  Probe (Chrono Boost)  
  37  3:57  Probe (Chrono Boost)  
  37  4:01  Gateway  
  37  4:02  Probe (Chrono Boost)  
  39  4:07  Gateway  
  39  4:12  Gateway, Probe (Chrono Boost)  
  39  4:15  Stalker  
  42  4:19  Gateway  
  42  4:23  Probe (Chrono Boost)  
  43  4:32  Twilight Council  
  43  4:40  Forge  
  43  4:45  Stalker  
  45  4:46  Probe (Chrono Boost)  
  46  4:56  Probe (Chrono Boost)  
  48  5:07  Probe (Chrono Boost)  
  48  5:13  Nexus  
  48  5:17  Probe (Chrono Boost)  
  48  5:20  Protoss Ground Weapons Level 1  
  49  5:22  Protoss Shields Level 1  
  49  5:26  Stalker  
  49  5:27  Stalker  
  49  5:28  Probe (Chrono Boost)  
  54  5:29  Stalker  
  56  5:38  Stalker, Probe (Chrono Boost)  
  59  5:47  Assimilator  
  59  5:52  Assimilator  
  59  5:58  Pylon  
  59  6:02  Pylon  
  59  6:09  Pylon  
  59  6:11  Pylon  
  59  6:16  Probe (Chrono Boost)  
  60  6:22  Stalker x4  
  60  6:24  Stalker  
  70  6:26  Probe (Chrono Boost)  
  70  6:32  Probe (Chrono Boost)  
  72  6:37  Probe (Chrono Boost)  
  73  6:42  Probe (Chrono Boost)  
  74  6:53  Probe (Chrono Boost)  
  75  6:59  Nexus  
  75  7:00  Stalker  
  75  7:01  Stalker x3  
  83  7:03  Probe (Chrono Boost)  
  83  7:08  Stalker  
  86  7:14  Probe (Chrono Boost)  
  87  7:16  Protoss Ground Armor Level 1  
  87  7:19  Assimilator  
  81  7:24  Assimilator  
  61  7:30  Stalker  
  56  7:54  Photon Cannon  
  56  7:56  Photon Cannon  
  56  8:02  Photon Cannon  
  56  8:10  Photon Cannon  
  46  8:30  Stalker x4  
  46  8:31  Stalker  
  56  9:00  Stalker x4  
  56  9:01  Stalker  
  66  9:11  Probe (Chrono Boost)  
  67  9:20  Probe (Chrono Boost)  
  67  9:22  Probe (Chrono Boost)  
  69  9:32  Probe (Chrono Boost)  
  66  9:43  Probe (Chrono Boost)  
Tags
 
Add a new tag
Caveats
  • Supply blocks, unpowered buildings, or Contaminate may cause inaccurate times.
  • Supply counts are checked every 10 seconds.